 Dungeon Crawl Stone Soup version 0.31.0-9-g3a7656b989 (webtiles) character file.

Game seed: 10792870248794889620

73 qw the Shooter (level 4, 0/25 HPs)
             Began as a Deep Elf Hunter on Feb 2, 2024.
             Slain by Terence
             ... wielding a +1 flail of protection
              (7 damage)
             ... on level 2 of the Dungeon.
             The game lasted 00:00:04 (1034 turns).

qw the Shooter (Deep Elf Hunter)                    Turns: 1034, Time: 00:00:05

Health: 0/25       AC:  9    Str: 10    XL:     4   Next: 8%
Magic:  6/6        EV:  9    Int: 14    God:
Gold:   75         SH:  0    Dex: 18    Spells: 3/3 levels left

rFire   . . .        a - +1 shortbow
rCold   . . .        (shield currently unavailable)
rNeg    . . .        d - +0 scale mail
rPois   .            (no helmet)
rElec   .            (no cloak)
rCorr   .            j - +2 pair of gloves
SInv    .            (no boots)
Will    .....        (no amulet)
Stlth   +            (no ring)
HPRegen 0.24/turn    (no ring)
MPRegen 0.10/turn

%: no passive effects
@: no status effects
A: no striking features
a: no special abilities


You were on level 2 of the Dungeon.
You visited 1 branch of the dungeon, and saw 2 of its levels.

You collected 75 gold pieces.


   Skills:
 - Level 1.5 Fighting
 + Level 7.5 Ranged Weapons
 - Level 2.4 Dodging
 - Level 1.2 Stealth


You had 3 spell levels left.
You didn't know any spells.
Your spell library was empty.

Inventory:

Hand Weapons
 a - a +1 shortbow (weapon)
Armour
 d - a +0 scale mail (worn)
 h - a +1 helmet
 j - a +2 pair of gloves (worn)
Scrolls
 b - a scroll of teleportation
 g - a scroll of identify {unknown}
Potions
 c - a potion of curing {unknown}
 e - 2 potions of resistance {unknown}
 f - a potion of lignification {unknown}
 l - a potion of mutation {unknown}
 m - a potion of might {unknown}

Dungeon Overview and Level Annotations

Branches:
Dungeon (2/15)

Altars:
Hepliaklqana

Annotations:
D:2 Terence


Message History

Enter note:
Enter note:
There is a stone staircase leading up here.
Found a stone staircase leading up.
Enter note:
Enter note: Terence the Incautious comes into view.
He is wielding a +1 flail of protection.
Found a stone staircase leading down.
Terence shouts!
You shoot an arrow.
The arrow hits Terence but does no damage.
You shoot an arrow. The arrow barely misses Terence.
You shoot an arrow.
The arrow hits Terence but does no damage.
Terence hits you with a +1 flail of protection!
You shoot an arrow. The arrow barely misses Terence.
Terence closely misses you.
You shoot an arrow. The arrow hits Terence.
Terence is moderately wounded.
Terence hits you but does no damage. Terence barely misses you.
You shoot an arrow. The arrow barely misses Terence.
Terence hits you with a +1 flail of protection.
You shoot an arrow. The arrow closely misses Terence.
Terence hits you but does no damage.
You shoot an arrow. The arrow barely misses Terence.
Terence misses you.
You shoot an arrow.
The arrow hits Terence but does no damage.
Terence is moderately wounded.
Terence hits you with a +1 flail of protection. x2
You shoot an arrow. The arrow hits Terence.
Terence is moderately wounded.
Terence closely misses you.
You shoot an arrow. The arrow closely misses Terence.
Terence hits you with a +1 flail of protection.
You shoot an arrow. The arrow hits Terence.
Terence is moderately wounded.
Terence hits you with a +1 flail of protection!
You die...
Terence says, "Time to find some more victims."

#........###.#####......##
#........# #.# ##.###...
#..####.###.# #.# #### #.
#.##.<# #.# # #.#..## #..
. #...## ##. .# #..## . #.
##.# .# . #@# #. #.@......
# #........ #.....>..
#########


You could see Terence.

Vanquished Creatures
  Robin (D:2)
  An adder (D:2)
  A dart slug (D:2)
  3 ball pythons
  2 bats
  6 endoplasms
  A giant cockroach (D:1)
  12 goblins
  5 hobgoblins
  2 kobolds
  5 quokkas
  3 frilled lizards (D:1)
  A rat (D:1)
43 creatures vanquished.

Notes
Turn   | Place    | Note
-------+----------+-------------------------------------------
     0 | D:1      | qw the Deep Elf Hunter began the quest for the Orb.
     0 | D:1      | Reached XP level 1. HP: 12/12 MP: 3/3
     0 | D:1      | 0 ||| qw: Version: 0.3-a-155-g5e7d8dd
     0 | D:1      | 0 ||| qw: Game counter: 2635
     0 | D:1      | 0 ||| qw: Melee chars always use a shield: true
     0 | D:1      | 0 ||| qw: God list: Okawaru
     0 | D:1      | 0 ||| qw: Allow faded altars: false
     0 | D:1      | 0 ||| qw: Do Orc after clearing Dungeon:15 true
     0 | D:1      | 0 ||| qw: Do second Lair branch before Depths: true
     0 | D:1      | 0 ||| qw: Lair rune preference: random
     0 | D:1      | 0 ||| qw: Goals: Normal
     0 | D:1      | 0 ||| PLANNING D:1-11
    82 | D:1      | Reached skill level 6 in Ranged Weapons
    82 | D:1      | Reached XP level 2. HP: 16/16 MP: 4/4
   681 | D:1      | 681 ||| UPGRADING to +0 scale mail.
   691 | D:1      | 691 ||| DROPPING +0 leather armour.
   692 | D:1      | 692 ||| UPGRADING to +0 pair of gloves.
   697 | D:1      | 697 ||| DROPPING ring of wizardry.
   698 | D:1      | 698 ||| READING scroll labelled NIEG FYSEOPS.
   699 | D:1      | 699 ||| READING scroll labelled UFOSTE JIAPHER.
   700 | D:1      | 700 ||| READING scroll labelled DOITWANNAE.
   700 | D:1      | 700 ||| ENCHANTING +0 pair of gloves.
   701 | D:1      | 701 ||| READING scroll labelled COS YDITAEPH.
   704 | D:1      | 704 ||| READING scroll labelled YQIUDDUC ZUAPS.
   704 | D:1      | 704 ||| ENCHANTING +0 shortbow.
   705 | D:1      | 705 ||| READING scroll labelled ACKULANIAMM.
   706 | D:1      | 706 ||| DROPPING scroll of butterflies.
   725 | D:2      | 725 ||| STAIRDANCE
   729 | D:1      | Reached XP level 3. HP: 20/20 MP: 5/5
   793 | D:2      | Reached skill level 7 in Ranged Weapons
   796 | D:2      | Found a hazy altar of Hepliaklqana.
   834 | D:2      | Noticed Robin
   844 | D:2      | Killed Robin
   845 | D:2      | Reached XP level 4. HP: 16/25 MP: 6/6
   907 | D:2      | 907 ||| READING scroll of enchant armour.
   907 | D:2      | 907 ||| ENCHANTING +1 pair of gloves.
  1022 | D:2      | Noticed Terence
  1034 | D:2      | Slain by Terence

Levels and vault maps discovered:
D:1:      lightli_arrival_boilingwater, layout_loops_ring, nicolae_titane
D:2:      layout_rooms, basic_altar,
          dreamdust_ecumenical_altar_hidden_monk_grotto, serial_shops, shop,
          uniq_terence, uniq_robin

Skill      XL: |  1  2  3 |
---------------+----------+-----
Ranged Weapons | 6 7 |  7.5
Fighting       | |  1.5
Dodging        | |  2.4
Stealth        | |  1.2

Action                     |  1- 3 |  4- 6 || total
---------------------------+-------+-------++-------
   Fire: Shortbow          |   107 |    14 ||   121
    Use: Scroll            |     6 |     1 ||     7
 Armour: Scale mail        |    23 |    10 ||    33
         Leather armour    |     4 |       ||     4
  Dodge: Dodged            |    21 |     4 ||    25

Table legend:
 A = Non-vault XP
 B = Vault XP
 C = Vault XP percentage of total XP
 D = Non-vault monster count
 E = Vault monster count
 F = Vault count percentage of total count
                 A         B        C        D         E       F
            +---------+---------+-------+---------+---------+-------
      Total |      72 |      33 |  31.4 |      32 |      11 |  25.6
            +---------+---------+-------+---------+---------+-------
        D:1 |      42 |       0 |   0.0 |      23 |       0 |   0.0
        D:2 |      30 |      33 |  52.4 |       9 |      11 |  55.0
            +---------+---------+-------+---------+---------+-------
